 Dungeon Crawl Stone Soup version 0.30.1-9-gdf580d7c3d (webtiles) character file.

Game seed: 3216756178839072537

67 Ivernyr the Trooper (level 4, 20/37 HPs)
             Began as a Formicid Fighter on Sept 29, 2023.
             Got out of the dungeon alive.
             The game lasted 00:02:10 (719 turns).

Ivernyr the Trooper (Formicid Fighter)               Turns: 719, Time: 00:02:10

Health: 20/37      AC: 11    Str: 22    XL:     4   Next: 40%
Magic:  4/4        EV: 14    Int:  8    God:
Gold:   37         SH:  5    Dex: 13    Spells: 3/3 levels left

rFire   . . .        a - +0 flail
rCold   . . .        c - +0 buckler
rNeg    . . .        b - +0 scale mail
rPois   .            (helmet unavailable)
rElec   .            (no cloak)
rCorr   .            (no gloves)
SInv    +            (no boots)
Will    .....        (no amulet) Stlth
                     h - +4 ring of protection
HPRegen 0.26/turn    k - +5 ring of evasion
MPRegen 0.09/turn

%: no passive effects
@: no status effects
A: permanent stasis, dig shafts and tunnels, antennae 3, four strong arms
a: Dig, Shaft Self


You escaped.
You visited 1 branch of the dungeon, and saw 2 of its levels.

You collected 37 gold pieces.

Inventory:

Hand Weapons
 a - a +0 flail (weapon)
Armour
 b - a +0 scale mail (worn)
 c - a +0 buckler (worn)
Jewellery
 h - a +4 ring of protection (left hand)
 k - a +5 ring of evasion (right hand)
Scrolls
 e - a scroll of noise {unknown}
 j - a scroll of vulnerability {unknown}
 l - a scroll of enchant armour {unknown}
 m - a scroll of identify {unknown}
Potions
 d - a potion of might
 f - 2 potions of attraction {unknown}
 g - a potion of ambrosia {unknown}
 i - a potion of heal wounds {unknown}


   Skills:
 + Level 4.1 Fighting
 + Level 2.9 Maces & Flails
 + Level 4.1 Armour
 - Level 4.0 Shields


You had 3 spell levels left.
You didn't know any spells.
Your spell library contained the following spells:

 Spells                   Type           Power      Damage    Failure   Level
 Scorch                   Fire           0%         2d5       90%         2
 Flame Wave               Conj/Fire      0%         2d4       100%        4
 Summon Cactus Giant      Summ           0%         N/A       100%        6


Dungeon Overview and Level Annotations

Branches:
Dungeon (2/15)

Altars:


Innate Abilities, Weirdness & Mutations

You cannot be hasted, slowed, berserked, paralysed or teleported.
You can dig through walls and to a lower floor.
You have a pair of large antennae on your head. (SInv)
Your four strong arms can wield two-handed weapons with a shield.


Message History

The gnoll closely misses you. The gnoll hits you with a +0 spear.
You sock the gnoll!
You kill the gnoll!
Your Armour skill increases to level 4!
You have reached level 4!
You feel clever.
You sock the gnoll!
The gnoll is heavily wounded.
The gnoll completely misses you.
You barely miss the gnoll.
The gnoll is heavily wounded.
The gnoll closely misses you.
You barely miss the gnoll.
The gnoll is heavily wounded.
The gnoll barely misses you. The gnoll hits you with a +0 whip.
* * * LOW HITPOINT WARNING * * *
You hit the gnoll.
The gnoll is almost dead.
The gnoll closely misses you.
You closely miss the gnoll.
The gnoll is almost dead.
The gnoll misses you.
You hit the gnoll.
You kill the gnoll!
Things that are here:
a +0 whip; a +0 spear; a gnoll corpse You see here a +0 spear.
(D) Dungeon
Where to? (? - help)
What level of the Dungeon? (default 1, ? - help)
There is a stone staircase leading up here.
You climb upwards.
There is a stone staircase leading down here.
You see here 6 stones.
There is a staircase leading out of the dungeon here.
Are you sure you want to leave the Dungeon?
This will make you lose the game!
Alright, then stay!
Unknown command.
Are you sure you want to leave the Dungeon?
This will make you lose the game!
You have escaped!

##.#..................
#....P....#.###...(...
##...PP......# #...)>..
#....(PP...### #.......
#....P......## #.......
#...P♣♣PP....###.......
#..PP♣P♣P...P..........
#...♣♣PP.....(.........
#..P♣P@......P.........
#....P.P....P♣P....####
#.#....PP...P♣.P...#
#...PP♣P...P♣P♣....#
#....P♣P...P♣P.....#
##.......#..P.....##
##....############
######


There were no monsters in sight!

Vanquished Creatures
  4 gnolls
  3 ball pythons
  2 endoplasms
  3 giant cockroaches
  3 goblins
  4 hobgoblins (D:1)
  4 kobolds
  A quokka (D:2)
  A bat (D:1)
  3 rats
28 creatures vanquished.

Notes
Turn   | Place    | Note
-------+----------+-------------------------------------------
     0 | D:1      | Ivernyr the Formicid Fighter began the quest for the Orb.
     0 | D:1      | Reached XP level 1. HP: 18/18 MP: 1/1
   120 | D:1      | Reached XP level 2. HP: 21/24 MP: 2/2
   264 | D:1      | Reached XP level 3. HP: 20/30 MP: 3/3
   359 | D:1      | You fall into a shaft and drop 1 floor!
   681 | D:2      | Reached XP level 4. HP: 15/37 MP: 4/4
   719 | D:$      | Got out of the dungeon alive.

Illustrated notes

Levels and vault maps discovered:
D:1:      spicycebolla_arrival_clurvy, layout_rooms
D:2:      layout_loops_ring

Skill      XL: |  1  2  3 |
---------------+----------+-----
Fighting       | 4 |  4.1
Armour         | 4 |  4.1
Maces & Flails | |  2.9
Shields        | |  4.0

Action                     |  1- 3 |  4- 6 || total
---------------------------+-------+-------++-------
  Melee: Flail             |    73 |     6 ||    79
 Armour: Scale mail        |    23 |       ||    23
  Dodge: Dodged            |    55 |     5 ||    60
  Block: Buckler           |    20 |       ||    20
